 Dungeon Crawl Stone Soup version 0.22.1-5-g62c59d919a (webtiles) character file.

2240 Forgol the Basher (level 9, -12/55 HPs)
             Began as a Gargoyle Fighter on Jan 14, 2019.
             Mangled by a red ugly thing (15 damage)
             ... on level 6 of the Dungeon.
             The game lasted 00:16:02 (5593 turns).

Forgol the Basher (Gargoyle Fighter)                Turns: 5593, Time: 00:16:04

Health: -12/55     AC: 19    Str: 28    XL:     9   Next: 36%
Magic:  9/9        EV:  8    Int:  9    God:
Gold:   245        SH: 11    Dex:  9    Spells: 8/8 levels left

rFire    . . .     SeeInvis +   e - +6 club
rCold    . . .     Gourm    .   c - +0 shield
rNeg     + . .     Faith    .   t - +4 ring mail of Midwinter {-Tele rPois SInv}
rPois    ∞         Spirit   .   q - +0 helmet (curse)
rElec    +         Reflect  .   (no cloak)
rCorr    .         Harm     .   y - +0 pair of gloves
MR       .....     NoTele   +   (no boots)
Stlth    ..........             (no amulet)
HPRegen  0.18/turn              u - ring of poison resistance
MPRegen  0.11/turn              (no ring)

@: mighty
A: negative energy resistance 1, electricity resistance, unbreathing,
petrification resistance, rot immunity, AC +6
a: no special abilities


You were on level 6 of the Dungeon.
You were not hungry.

You visited 2 branches of the dungeon, and saw 7 of its levels.
You also visited: Sewer.

You collected 245 gold pieces.

Inventory:

Hand Weapons
 a - a +1 flail
 e - a +6 club (weapon)
Armour
 b - a +0 scale mail
 c - a +0 shield (worn)
 q - a cursed +0 helmet (worn)
 r - a +0 scale mail
 t - the +4 ring mail of Midwinter (worn) {-Tele rPois SInv}
   (You took it off an orc on level 5 of the Dungeon)

   It protects you from poison.
   It lets you see invisible.
   It prevents most forms of teleportation.
 y - a +0 pair of gloves (worn)
Jewellery
 u - a ring of poison resistance (left hand)
Wands
 j - a wand of flame (4)
Scrolls
 g - a scroll of enchant weapon
 h - a scroll of magic mapping
 i - 2 scrolls of teleportation
 o - 2 scrolls of identify
 x - a scroll of blinking
Potions
 d - 4 potions of might
 l - 3 potions of curing
 m - a potion of brilliance {unknown}
 p - 2 potions of magic
 s - a potion of cancellation {unknown}
 v - a potion of mutation {unknown}
Comestibles
 f - 10 rations
 k - 2 chunks of flesh


   Skills:
 + Level 5.9 Fighting
 * Level 9.6 Maces & Flails
 + Level 5.9 Armour
 + Level 5.9 Shields


You had 8 spell levels left.
You didn't know any spells.
Your spell library was empty.

Dungeon Overview and Level Annotations

Branches:
Dungeon (6/15)             Temple (1/1) D:6

Altars:
Ashenzari
Cheibriados
Dithmenos
Fedhas
Gozag
Hepliaklqana
Makhleb
Nemelex Xobeh
Ru
Sif Muna
Uskayaw
Xom
Yredelemnul
Zin
Jiyva

Annotations:
D:6 SeriosSam's ghost, amateur DECj


Innate Abilities, Weirdness & Mutations

You are resistant to torment.
Your stone body is resilient. (AC +6)
You are immune to poison.
You resist negative energy. (rN+)
You are resistant to electric shocks. (rElec)
You can survive without breathing.
You are immune to petrification.
You are immune to rotting.


Message History

You barely miss the orc knight.
The orc knight is almost dead.
The orc knight hits you with a great mace!
* * * LOW HITPOINT WARNING * * *
You hit the orc knight.
The orc knight is almost dead.
You block the orc knight's attack.
You thump the orc knight!
You kill the orc knight!
You cannot blink because you are wearing the +4 ring mail of Midwinter {-Tele Energy condenses in front of SeriosSam's ghost, but quickly dissipates.
Found 8 gold pieces.
You block the red ugly thing's attack.
As you read the scroll of fear, it crumbles to dust.
You assume a fearsome visage.
SeriosSam's ghost is unaffected.
The adder looks frightened!
The red ugly thing easily resists.
Cornered, the adder turns to fight!
The red ugly thing engulfs you.
* * * LOW HITPOINT WARNING * * *
You are engulfed in flames!
You die...

.................###...........<.
###.#########....................
# #....# ####.######.#####...# #
####.###### #.# #.# #...# #
#.......# #)# #.. #.... #.#####.#
#W# #### #.#.# #.# #.# #S# #.#.#
#.# #.# #u# #.#.. ..# #.# #@#
#.#####.# #.# #....<..# #.#
####..### #.# #..# #?. #..# #.#
#... .$. #.... ..# #####


You could see a red ugly thing, SeriosSam's ghost and an adder.

Vanquished Creatures
  Pikel (D:6)
  An orc knight (D:6)
  Purgy (Sewer)
  An ice beast (D:5)
  A necrophage (D:5)
  A slave (D:6)
  An ogre (D:5)
  A centaur (D:5)
  Blork the orc (D:5)
  A bullfrog (D:6)
  A wyvern zombie (D:6)
  A scorpion (D:5)
  A howler monkey (D:6)
  A crimson imp (D:5)
  6 orc wizards
  A bullfrog skeleton (D:4)
  An iguana (D:4)
  3 worker ants
  A hound skeleton (D:5)
  Robin (D:4)
  9 adders
  9 gnolls
  A shadow imp (D:5)
  2 oozes
  4 worms
  3 dart slugs
  5 leopard geckos
  9 orcs
  2 ball pythons (Sewer)
  10 bats
  3 giant cockroaches
  16 goblins
  9 hobgoblins
  9 jackals
  5 kobolds
  5 quokkas
  10 frilled lizards
  A jackal zombie (D:5)
  5 rats
144 creatures vanquished.

Vanquished Creatures (others)
  A bullfrog (D:6)
  A leopard gecko (D:6)
2 creatures vanquished.

Grand Total: 146 creatures vanquished

Notes
Turn   | Place    | Note
-------+----------+-------------------------------------------
     0 | D:1      | Forgol the Gargoyle Fighter began the quest for the Orb.
     0 | D:1      | Reached XP level 1. HP: 14/14 MP: 1/1
     9 | D:1      | Reached XP level 2. HP: 19/19 MP: 2/2
    50 | D:1      | Reached skill level 3 in Maces & Flails
   118 | D:1      | Reached XP level 3. HP: 22/23 MP: 3/3
   397 | D:1      | Reached skill level 4 in Maces & Flails
   625 | D:1      | Reached XP level 4. HP: 26/28 MP: 4/4
   843 | D:2      | Found a hazy altar of Hepliaklqana.
  1061 | D:2      | Found a basalt altar of Yredelemnul.
  1498 | D:2      | Found a sacrificial altar of Ru.
  1718 | D:3      | Reached skill level 5 in Maces & Flails
  1725 | D:3      | Reached XP level 5. HP: 28/32 MP: 5/5
  1972 | D:3      | Found a glowing drain.
  1977 | Sewer    | Entered a sewer
  1996 | Sewer    | Noticed Purgy
  2020 | Sewer    | Killed Purgy
  2020 | Sewer    | Reached skill level 6 in Maces & Flails
  2020 | Sewer    | Reached XP level 6. HP: 19/37 MP: 6/6
  3090 | D:4      | Noticed Robin
  3103 | D:4      | Killed Robin
  3108 | D:4      | Reached skill level 7 in Maces & Flails
  3444 | D:4      | Reached XP level 7. HP: 23/41 MP: 7/7
  3788 | D:4      | Found a shattered altar of Ashenzari.
  4024 | D:5      | Entered Level 5 of the Dungeon
  4277 | D:5      | Got an ancient ring mail
  4305 | D:5      | Identified the +4 ring mail of Midwinter {-Tele rPois SInv}
                  | (You took it off an orc on level 5 of the Dungeon)
  4414 | D:5      | Noticed Blork the orc
  4423 | D:5      | Killed Blork the orc
  4550 | D:5      | Reached skill level 8 in Maces & Flails
  4550 | D:5      | Reached XP level 8. HP: 48/48 MP: 8/8
  5193 | D:6      | Noticed Pikel
  5220 | D:6      | Killed Pikel
  5220 | D:6      | Reached skill level 5 in Fighting
  5220 | D:6      | Reached skill level 9 in Maces & Flails
  5220 | D:6      | Reached skill level 5 in Armour
  5220 | D:6      | Reached skill level 5 in Shields
  5220 | D:6      | Reached XP level 9. HP: 54/54 MP: 9/9
  5235 | D:6      | Found a staircase to the Ecumenical Temple.
  5298 | Temple   | Entered the Ecumenical Temple
  5551 | D:6      | Found a runed gate.
  5555 | D:6      | Found an opulent altar of Gozag.
  5555 | D:6      | Noticed a red ugly thing
  5556 | D:6      | Found a runed gate.
  5556 | D:6      | Found a runed gate.
  5556 | D:6      | Noticed SeriosSam's ghost (amateur DECj)
  5556 | D:6      | Noticed an orc knight
  5589 | D:6      | Killed an orc knight
  5593 | D:6      | Mangled by a red ugly thing

Skill      XL: |  1  2  3  4  5  6  7  8 |
---------------+-------------------------+-----
Maces & Flails | 3 4 5 6 7 8 9 |  9.6
Fighting       | 4 5 |  5.9
Armour         | 4 5 |  5.9
Shields        | 4 5 |  5.9

Action                   |  1- 3 |  4- 6 |  7- 9 || total
-------------------------+-------+-------+-------++-------
Melee: Flail             |   104 |   277 |       ||   381
       Club              |       |    20 |   228 ||   248
  Use: Scroll            |       |    11 |     2 ||    13
       Potion            |       |       |     2 ||     2
  Eat: Chunk             |       |     9 |     7 ||    16
Armor: Scale mail        |    64 |   173 |    32 ||   269
       Ring mail         |       |       |    56 ||    56
Dodge: Dodged            |    31 |    92 |    58 ||   181
Block: Shield            |    49 |   148 |    84 ||   281
